 Dungeon Crawl Stone Soup version 0.24.1-4-ge52af88ad5 (webtiles) character file.

Game seed: 11679794129668540099, levelgen mode: deterministic

742 Descartes the Magician (level 7, -2/36 HPs)
             Began as a Deep Elf Air Elementalist on Apr 17, 2020.
             Shot with an arrow by a centaur (3 damage)
             ... on level 5 of the Dungeon.
             The game lasted 00:17:37 (7793 turns).

Descartes the Magician (Deep Elf Air Elementalist)  Turns: 7793, Time: 00:17:38

Health: -2/36      AC:  5    Str:  5    XL:     7   Next: 47%
Magic:  11/17      EV: 15    Int: 22    God:
Gold:   231        SH:  0    Dex: 15    Spells: 13/17 levels left

rFire    . . .     SeeInvis .   x - +1 dagger (speed)
rCold    . . .     Gourm    .   (no shield)
rNeg     . . .     Faith    .   a - +0 robe
rPois    .         Spirit   .   l - +1 helmet
rElec    .         Reflect  .   (no cloak)
rCorr    .         Harm     .   (no gloves)
MR       .....                  e - +0 pair of boots
Stlth    ++++......             (no amulet)
HPRegen  0.12/turn              t - ring of stealth
MPRegen  0.15/turn              (no ring)

@: very slightly contaminated
A: no striking features
a: no special abilities


You were on level 5 of the Dungeon.
You were very hungry.

You visited 1 branch of the dungeon, and saw 5 of its levels.
You also visited: Sewer.

You collected 231 gold pieces.

Inventory:

Hand Weapons
 x - a +1 dagger of speed (weapon)
Missiles
 n - 25 arrows
 s - 16 stones
 u - 7 atropa-tipped darts (quivered)
 A - 18 poisoned darts
Armour
 a - a +0 robe (worn)
 e - a +0 pair of boots (worn)
 l - a +1 helmet (worn)
Magical Staves
 B - an uncursed staff of fire
Jewellery
 t - a ring of stealth (left hand)
Wands
 j - a wand of flame (31)
Scrolls
 b - 2 scrolls of teleportation
 c - a scroll of remove curse
 f - a scroll of identify
 i - a scroll of amnesia {unknown}
 o - a scroll of enchant weapon
 p - a scroll of enchant armour
 w - a scroll of magic mapping
 y - a scroll of noise {unknown}
Potions
 d - 3 potions of agility {unknown}
 g - 4 potions of heal wounds {unknown}
 h - 10 potions of curing {unknown}
 k - 2 potions of brilliance {unknown}
 q - 4 potions of might {unknown}
 r - a potion of flight {unknown}
 v - a potion of degeneration {unknown}
 z - 2 potions of mutation {unknown}
Comestibles
 m - 9 rations


   Skills:
 + Level 5.0 Dodging
 + Level 5.3 Stealth
 + Level 5.6 Spellcasting
 + Level 4.1 Conjurations
 + Level 4.7 Air Magic


You had 13 spell levels left.
You knew the following spells:

 Your Spells              Type           Power        Failure   Level  Hunger
a - Shock                 Conj/Air       ####         1%          1    None
b - Static Discharge      Conj/Air       ####....     4%          3    ##.....

Your spell library contained the following spells:

 Spells                   Type           Power        Failure   Level  Hunger
 Swiftness                Chrm/Air       ###.....     5%          2    None
 Airstrike                Air            ####......   14%         4    ####...
 Lightning Bolt           Conj/Air       ####......   38%         5    #####..


Dungeon Overview and Level Annotations

Branches:
Dungeon (5/15)              Sewer (visited)
 Temple: D:4-7

Altars:
Cheibriados
Qazlal
Xom
Yredelemnul
The Shining One


Message History

Confirm with . or Enter, or press ? or * to list all spells.
Aiming: Shock (safe; 1% risk of failure)
Press: ? - help, Shift-Dir - straight line, f - centaur
Aim: a centaur, wielding a +0 shortbow The zap hits the centaur but does no damage.
The centaur shoots an arrow.
The arrow closely misses you.
The centaur shoots an arrow.
The arrow closely misses you.
Casting: Shock (safe; 1% risk of failure)
Confirm with . or Enter, or press ? or * to list all spells.
Aiming: Shock (safe; 1% risk of failure)
Press: ? - help, Shift-Dir - straight line, f/p - centaur
Aim: a centaur, wielding a +0 shortbow The zap misses the centaur.
The centaur shoots an arrow.
The arrow misses you.
The centaur shoots an arrow.
The arrow hits you.
You see here an arrow.
The centaur shoots an arrow.
The arrow hits you!
* * * LOW HITPOINT WARNING * * *
You see here an arrow.
The centaur shoots an arrow.
The arrow hits you.
You die...

# #.##.##.###.....#####.#*,**,* #
#.##...........(.......,,**,*
###.###.##..........c##.#****,***
#...###.#......_......#.# *,*,,
#.#.#........^.(.(......# *,*,*
....#....<.......(...#### *,*,*
..........###...(.#### *,*,*
._...[....# #...(.# *,,,,
.......>..#*#.(.@.# *,,,*
.........#.......##***** *,***
...........#......,,,,,* *,*
....÷......#####.##***** *,*
..#.##......,,*#.#,,,,,* *,*
..).#*.....#*,*#.#,*,*,* *,*
..###*.....#*,*#.+,,∩,,* *,* ..#
*......,,,..#,*,*,* *,* [.#
*,#.###*,****,,,,,* *,* *


You could see a centaur.

Vanquished Creatures
  An ogre (D:5)
  A centaur zombie (D:4)
  2 hounds (D:4)
  2 orc priests (D:3)
  An orc wizard (D:4)
  Jessica (D:2)
  2 iguanas
  A worker ant (D:4)
  A mummy (D:5)
  Robin (D:2)
  7 adders
  10 river rats (Sewer)
  4 oozes
  An adder skeleton (D:4)
  2 worms (D:2)
  3 dart slugs
  5 leopard geckos
  14 orcs
  9 ball pythons
  7 giant cockroaches
  19 goblins
  10 hobgoblins
  7 jackals
  4 quokkas
  5 bats
  8 frilled lizards
  25 kobolds
  18 rats
171 creatures vanquished.

Notes
Turn   | Place    | Note
-------+----------+-------------------------------------------
     0 | D:1      | Descartes the Deep Elf Air Elementalist began the quest for
                  | the Orb.
     0 | D:1      | Reached XP level 1. HP: 10/10 MP: 6/6
   200 | D:1      | Reached XP level 2. HP: 15/15 MP: 2/8
   896 | D:1      | Reached XP level 3. HP: 19/19 MP: 7/9
  1061 | D:2      | Noticed Robin
  1100 | D:1      | Learned a level 3 spell: Static Discharge
  2236 | D:2      | Found a glowing golden altar of the Shining One.
  2468 | D:2      | Killed Robin
  2468 | D:2      | Reached XP level 4. HP: 16/24 MP: 6/11
  2558 | D:2      | Noticed Jessica
  2560 | D:2      | Killed Jessica
  3462 | D:2      | Reached XP level 5. HP: 27/28 MP: 9/13
  4156 | D:3      | Found a basalt altar of Yredelemnul.
  5333 | D:4      | Reached XP level 6. HP: 31/32 MP: 8/14
  5579 | D:4      | Found a stormy altar of Qazlal.
  5888 | D:4      | Reached skill level 5 in Spellcasting
  6408 | D:5      | Entered Level 5 of the Dungeon
  6498 | D:5      | Reached XP level 7. HP: 36/36 MP: 8/16
  6501 | D:5      | Reached skill level 5 in Stealth
  6562 | D:5      | Found a shimmering altar of Xom.
  6589 | D:5      | Found a glowing drain.
  6606 | Sewer    | Entered a sewer
  7014 | Sewer    | Reached skill level 5 in Dodging
  7772 | D:5      | Found a snail-covered altar of Cheibriados.
  7792 | D:5      | HP: 1/36 [centaur/arrow (11)]
  7793 | D:5      | Shot with an arrow by a centaur

Levels and vault maps discovered:
D:1:      eino_arrival_water_star, layout_loops_ring, chequers_jeans
D:2:      layout_rooms, overflow_temple_1_default, first_ration,
          minmay_goblin_kobold_house, uniq_robin, uniq_jessica
D:3:      layout_basic, yredelemnul_altar_generic
D:4:      layout_gridville, nicolae_overflow_crystal_walls
D:5:      layout_loops_ring, old_standard_altar, slow_altar_1,
          portal_sewer_entry_f, basic_altar, serial_shops, kennysheep_little_box

Skill      XL: |  1  2  3  4  5  6  7 |
---------------+----------------------+-----
Stealth        | 3 4 5 |  5.3
Dodging        | 3 4 5 |  5.0
Conjurations   | 2 3 4 |  4.1
Spellcasting   | 4 5 |  5.6
Air Magic      | 4 |  4.7

Action                   |  1- 3 |  4- 6 |  7- 9 || total
-------------------------+-------+-------+-------++-------
Melee: Dagger            |       |     2 |       ||     2
 Cast: Shock             |    71 |   180 |    92 ||   343
       Static Discharge  |     2 |       |       ||     2
  Use: Scroll            |     2 |       |     6 ||     8
       Potion            |     2 |       |       ||     2
  Eat: Chunk             |     1 |    12 |     3 ||    16
       Ration            |     1 |       |       ||     1
Armor: Skin              |    14 |       |       ||    14
       Robe              |     4 |     6 |     2 ||    12
Dodge: Dodged            |    18 |    35 |    14 ||    67
